[Event "NED-ch 2018"]
[Site "Amsterdam"]
[Date "2018.07.02"]
[Round "1"]
[White "Van Foreest, Jorden"]
[Black "Sokolov, Ivan"]
[Result "1/2-1/2"]
[ECO "C88"]
[WhiteElo "2641"]
[BlackElo "2565"]
[Annotator "ChessBase"]
[PlyCount "89"]
[EventDate "2018.07.02"]
[EventType "tourn"]
[EventCountry "NED"]
[SourceTitle "playchess.com"]
[Source "ChessBase"]
[SourceQuality "1"]
[TimeControl "40/5400+30:1800+30"]

1. e4 e5 2. Nf3 Nc6 3. Bb5 a6 4. Ba4 Nf6 5. O-O Be7 6. Re1 b5 7. Bb3 O-O 8. d3 d6 9. Bd2 Bb7 10. a4 b4 11. a5 d5 12. exd5 Nxd5 13. Bc1 Bc5 14. Nbd2 Nf6 15. Bc4 Qd6 16. c3 h6 17. Qe2 Kh8 18. Ne4 Nxe4 19. dxe4 Qf6 20. Be3 Bd6 21. Bd5 Nd8 22. Bxb7 Nxb7 23. Qc4 Qe7 24. Red1 bxc3 25. bxc3 Rfb8 26. Qd5 f6 27. Nh4 Qe8 28. Qc4 Qb5 29. Qe6 Qe8 30. Qh3 Rd8 31. Rdb1 Nc5 32. Nf5 Qg6 33. Qf3 Bf8 34. h4 h5 35. Rb4 Ne6 36. Rc4 Qf7 37. g4 Nf4 38. Raa4 Rd3 39. gxh5 Nxh5 40. Rxc7 Qxc7 41. Qxh5+ Kg8 42. Qg6 Qxc3 43. Nh6+ Kh8 44. Nf7+ Kg8 45. Nh6+ 1/2-1/2

[Event "NED-ch 2018"]
[Site "Amsterdam"]
[Date "2018.07.02"]
[Round "1"]
[White "Van den Doel, Erik"]
[Black "Van Wely, Loek"]
[Result "1-0"]
[ECO "B46"]
[WhiteElo "2593"]
[BlackElo "2675"]
[Annotator "ChessBase"]
[PlyCount "99"]
[EventDate "2018.07.02"]
[EventType "tourn"]
[EventCountry "NED"]
[SourceTitle "playchess.com"]
[Source "ChessBase"]
[SourceQuality "1"]
[TimeControl "40/5400+30:1800+30"]

1. e4 c5 2. Nf3 e6 3. d4 cxd4 4. Nxd4 Nc6 5. Nc3 a6 6. Nxc6 bxc6 7. Bd3 Qc7 8. O-O Nf6 9. Bg5 h6 10. Bxf6 gxf6 11. Kh1 h5 12. f4 Bb7 13. Qe2 h4 14. h3 Bc5 15. Nd1 d5 16. Nf2 Kf8 17. Ng4 Kg7 18. f5 e5 19. Qe1 Rad8 20. Rd1 Qb6 21. Rb1 a5 22. Qe2 Rd6 23. b3 Qb4 24. Rbd1 Rhd8 25. c4 dxe4 26. Bxe4 Qc3 27. Rxd6 Rxd6 28. Nh2 Qg3 29. Nf3 Kf8 30. Ne1 Qe3 31. Qf3 Rd2 32. Bxc6 Bxc6 33. Qxc6 Rf2 34. Rg1 Rxf5 35. Nf3 Rxf3 36. Qc8+ Ke7 37. Rd1 Bd4 38. Qb7+ Ke6 39. Qxf3 f5 40. Qc6+ Ke7 41. Qc7+ Kf6 42. Qxa5 Kg6 43. Qd2 Qg3 44. b4 Be3 45. Qd3 e4 46. Qd6+ Qxd6 47. Rxd6+ Kg5 48. c5 Bf2 49. Rd2 e3 50. Rc2 1-0

[Event "NED-ch 2018"]
[Site "Amsterdam"]
[Date "2018.07.02"]
[Round "1"]
[White "Tiviakov, Sergei"]
[Black "Leenhouts, Koen"]
[Result "1-0"]
[ECO "B22"]
[WhiteElo "2580"]
[BlackElo "2483"]
[Annotator "ChessBase"]
[PlyCount "73"]
[EventDate "2018.07.02"]
[EventType "tourn"]
[EventCountry "NED"]
[SourceTitle "playchess.com"]
[Source "ChessBase"]
[SourceQuality "1"]
[TimeControl "40/5400+30:1800+30"]

1. e4 c5 2. Nf3 e6 3. c3 Nf6 4. e5 Nd5 5. Bc4 d6 6. exd6 Bxd6 7. d4 O-O 8. dxc5 Bxc5 9. O-O Nc6 10. Nbd2 Be7 11. Re1 b6 12. Nb3 Nf6 13. Nbd4 Nxd4 14. Nxd4 Bb7 15. Bf4 Nd5 16. Bg3 Bd6 17. Qg4 Bxg3 18. hxg3 Rc8 19. Bb3 Rc5 20. Rad1 Qc8 21. Re5 Nf6 22. Qe2 Rxe5 23. Qxe5 Rd8 24. Nb5 Rxd1+ 25. Bxd1 a6 26. Nd4 h6 27. Qd6 b5 28. a4 Ne4 29. Qe7 bxa4 30. Bh5 Bd5 31. Bxf7+ Kh8 32. Bxe6 Bxe6 33. Nxe6 Qg8 34. Nxg7 Qd5 35. Qf8+ Kh7 36. Nf5 Qd1+ 37. Kh2 1-0

[Event "NED-ch 2018"]
[Site "Amsterdam"]
[Date "2018.07.02"]
[Round "1"]
[White "Ernst, Sipke"]
[Black "L' Ami, Erwin"]
[Result "1/2-1/2"]
[ECO "E97"]
[WhiteElo "2555"]
[BlackElo "2636"]
[Annotator "ChessBase"]
[PlyCount "56"]
[EventDate "2018.07.02"]
[EventType "tourn"]
[EventCountry "NED"]
[SourceTitle "playchess.com"]
[Source "ChessBase"]
[SourceQuality "1"]
[TimeControl "40/5400+30:1800+30"]

1. Nf3 Nf6 2. c4 g6 3. Nc3 Bg7 4. e4 d6 5. d4 O-O 6. Be2 e5 7. O-O Nc6 8. d5 Ne7 9. b4 a5 10. Ba3 b6 11. bxa5 Ne8 12. Nb5 Rxa5 13. Bb4 Ra8 14. a4 f5 15. a5 fxe4 16. Ng5 bxa5 17. Bd2 c6 18. Nc3 cxd5 19. cxd5 Nf5 20. Ngxe4 Nd4 21. Nb5 Bf5 22. Nxd4 exd4 23. Bd3 Bxe4 24. Bxe4 Nf6 25. Bg5 Qe8 26. Bxf6 Qxe4 27. Bxg7 Kxg7 28. Ra4 Qxd5 1/2-1/2

[Event "NED-ch 2018"]
[Site "Amsterdam"]
[Date "2018.07.03"]
[Round "2"]
[White "Van Foreest, Jorden"]
[Black "Tiviakov, Sergei"]
[Result "1/2-1/2"]
[ECO "C10"]
[WhiteElo "2641"]
[BlackElo "2580"]
[Annotator "ChessBase"]
[PlyCount "109"]
[EventDate "2018.07.02"]
[EventType "tourn"]
[EventCountry "NED"]
[SourceTitle "playchess.com"]
[Source "ChessBase"]
[SourceQuality "1"]
[TimeControl "40/5400+30:1800+30"]

1. e4 e6 2. d4 d5 3. Nc3 dxe4 4. Nxe4 Nd7 5. Nf3 Ngf6 6. Nxf6+ Nxf6 7. Be3 Be7 8. Bd3 b6 9. Qe2 Bb7 10. O-O-O O-O 11. Kb1 Qd6 12. Ne5 c5 13. Rhe1 cxd4 14. Bxd4 Rad8 15. c3 Qc7 16. Ng4 Nxg4 17. Qxg4 g6 18. Qh3 Qf4 19. g3 Qf3 20. Bc2 Rxd4 21. Rxd4 Qxf2 22. Qf1 Qxf1 23. Rxf1 Bc6 24. a4 Bd5 25. b4 Rc8 26. Kb2 Bf8 27. Bb3 Bg7 28. Rd3 Be4 29. Rd7 Bxc3+ 30. Ka2 Bf5 31. g4 Bxg4 32. Rfxf7 a5 33. b5 Be5 34. Rfe7 Bxh2 35. Rg7+ Kf8 36. Rdf7+ Ke8 37. Rf2 Bg3 38. Rg2 Rc3 39. Rxh7 Bf5 40. Re2 Bg4 41. Rd2 Rc7 42. Rh8+ Ke7 43. Rb8 Be5 44. Rxb6 Rc1 45. Ka3 Bf5 46. Re2 Ra1+ 47. Ba2 Bd4 48. Rc6 Kd7 49. Rd2 e5 50. Rf6 Be4 51. Rf7+ Kc8 52. Rh2 Bc5+ 53. Kb2 Bd4+ 54. Ka3 Bc5+ 55. Kb2 1/2-1/2

[Event "NED-ch 2018"]
[Site "Amsterdam"]
[Date "2018.07.03"]
[Round "2"]
[White "L' Ami, Erwin"]
[Black "Van den Doel, Erik"]
[Result "1-0"]
[ECO "C95"]
[WhiteElo "2636"]
[BlackElo "2593"]
[Annotator "ChessBase"]
[PlyCount "81"]
[EventDate "2018.07.02"]
[EventType "tourn"]
[EventCountry "NED"]
[SourceTitle "playchess.com"]
[Source "ChessBase"]
[SourceQuality "1"]
[TimeControl "40/5400+30:1800+30"]

1. e4 e5 2. Nf3 Nc6 3. Bb5 a6 4. Ba4 Nf6 5. O-O Be7 6. Re1 b5 7. Bb3 d6 8. c3 O-O 9. h3 Nb8 10. d4 Nbd7 11. Nbd2 Bb7 12. Bc2 Re8 13. Nf1 Bf8 14. Ng3 g6 15. a4 Nb6 16. a5 Nbd7 17. d5 c6 18. dxc6 Bxc6 19. b4 Ra7 20. Bb3 Qa8 21. Qe2 d5 22. Qa2 Rc7 23. Bb2 Bb7 24. Rad1 Bd6 25. Nf1 Qc8 26. Ne3 Bf8 27. exd5 Bd6 28. c4 Bxb4 29. cxb5 Bxe1 30. Rxe1 Rc3 31. bxa6 Rxb3 32. Qxb3 Bxa6 33. Rc1 Qa8 34. Rc7 Bc8 35. Qb5 Qa6 36. Qc6 Qxc6 37. dxc6 Nc5 38. Nxe5 Be6 39. Ba3 Nb3 40. a6 Nd4 41. a7 1-0

[Event "NED-ch 2018"]
[Site "Amsterdam"]
[Date "2018.07.03"]
[Round "2"]
[White "Sokolov, Ivan"]
[Black "Van Wely, Loek"]
[Result "1/2-1/2"]
[ECO "D45"]
[WhiteElo "2565"]
[BlackElo "2674"]
[Annotator "ChessBase"]
[PlyCount "87"]
[EventDate "2018.07.02"]
[EventType "tourn"]
[EventCountry "NED"]
[SourceTitle "playchess.com"]
[Source "ChessBase"]
[SourceQuality "1"]
[TimeControl "40/5400+30:1800+30"]

1. d4 d5 2. Nf3 Nf6 3. c4 e6 4. Nc3 c6 5. e3 Nbd7 6. Be2 b6 7. O-O Bb7 8. Rb1 Be7 9. b4 dxc4 10. Bxc4 Nd5 11. Nxd5 cxd5 12. Bd3 O-O 13. b5 a6 14. Qc2 h6 15. Qe2 axb5 16. Bxb5 Nf6 17. a4 Ne4 18. Bd2 Nd6 19. Rfc1 f6 20. Nh4 Rf7 21. Ng6 Nxb5 22. Nxe7+ Rxe7 23. Qxb5 Kf7 24. h3 Ra7 25. Be1 Ba8 26. Qxb6 Qxb6 27. Rxb6 Rxa4 28. Bb4 Rea7 29. Rc8 Ra1+ 30. Kh2 Rb1 31. Kg3 Kg6 32. Bc5 Rxb6 33. Bxb6 Ra6 34. Bc5 Kf7 35. Rc7+ Kg8 36. Re7 Kh7 37. h4 h5 38. f3 Bc6 39. Rxe6 Bb5 40. Rxa6 Bxa6 41. Kf4 Kg6 42. g4 hxg4 43. Kxg4 Kf7 44. Kf4 1/2-1/2

[Event "NED-ch 2018"]
[Site "Amsterdam"]
[Date "2018.07.03"]
[Round "2"]
[White "Leenhouts, Koen"]
[Black "Ernst, Sipke"]
[Result "1/2-1/2"]
[ECO "D27"]
[WhiteElo "2483"]
[BlackElo "2555"]
[Annotator "ChessBase"]
[PlyCount "26"]
[EventDate "2018.07.02"]
[EventType "tourn"]
[EventCountry "NED"]
[SourceTitle "playchess.com"]
[Source "ChessBase"]
[SourceQuality "1"]
[TimeControl "40/5400+30:1800+30"]

1. d4 Nf6 2. c4 e6 3. Nc3 d5 4. Nf3 dxc4 5. e3 a6 6. a4 c5 7. Bxc4 Nc6 8. O-O Be7 9. Qe2 cxd4 10. Rd1 e5 11. exd4 exd4 12. Nxd4 Nxd4 13. Qe5 Qd6 1/2-1/2

[Event "NED-ch 2018"]
[Site "Amsterdam"]
[Date "2018.07.07"]
[Round "5"]
[White "Van Wely, Loek"]
[Black "Van Foreest, Jorden"]
[Result "1/2-1/2"]
[ECO "D20"]
[WhiteElo "2674"]
[BlackElo "2640"]
[Annotator "ChessBase"]
[PlyCount "80"]
[EventDate "2018.07.02"]
[EventType "tourn"]
[EventCountry "NED"]
[SourceTitle "playchess.com"]
[Source "ChessBase"]
[SourceQuality "1"]
[TimeControl "40/5400+30:1800+30"]

1. d4 d5 2. c4 dxc4 3. e4 e5 4. Nf3 Bb4+ 5. Nc3 Nf6 6. Bxc4 exd4 7. Nxd4 O-O 8. O-O Bxc3 9. bxc3 Nxe4 10. Ba3 Nd6 11. Nb5 Nxc4 12. Bxf8 Qxf8 13. Nxc7 Nb6 14. Rb1 Na6 15. Nxa8 Nxa8 16. Qd4 Nc5 17. Rfd1 Nb6 18. Qf4 Be6 19. Rxb6 axb6 20. Qc7 Nd7 21. Rxd7 Bxd7 22. Qxd7 g6 23. a4 Qa3 24. Qd8+ Kg7 25. Qd4+ Kg8 26. Qd8+ Kg7 27. Qd4+ Kg8 28. g4 h5 29. h3 hxg4 30. hxg4 Qb3 31. Kg2 b5 32. axb5 Qxb5 33. Kf3 Qc6+ 34. Ke3 f6 35. c4 Kf7 36. c5 Qe6+ 37. Qe4 Qb3+ 38. Qd3 Qe6+ 39. Qe4 Qb3+ 40. Qd3 Qe6+ {[%emt 0:01:31] Ke4 [%emt 00:00:15]} 1/2-1/2

[Event "NED-ch 2018"]
[Site "Amsterdam"]
[Date "2018.07.07"]
[Round "5"]
[White "L'Ami, Erwin"]
[Black "Leenhouts, Koen"]
[Result "1-0"]
[ECO "B48"]
[WhiteElo "2636"]
[BlackElo "2483"]
[Annotator "ChessBase"]
[PlyCount "109"]
[EventDate "2018.07.02"]
[EventType "tourn"]
[EventCountry "NED"]
[SourceTitle "playchess.com"]
[Source "ChessBase"]
[SourceQuality "1"]
[TimeControl "40/5400+30:1800+30"]

1. e4 c5 2. Nf3 e6 3. d4 cxd4 4. Nxd4 Nc6 5. Nc3 Qc7 6. Be3 a6 7. Qf3 Bd6 8. O-O-O Be5 9. Nxc6 bxc6 10. Bd4 Nf6 11. Bxe5 Qxe5 12. Be2 O-O 13. Qg3 Qxg3 14. hxg3 d5 15. Bd3 h6 16. Rhe1 a5 17. Na4 Nd7 18. c4 d4 19. e5 c5 20. Be4 Ra7 21. Bc6 Nb8 22. Bb5 Bd7 23. Re2 Rc7 24. b3 Bc6 25. f3 Nd7 26. Nb2 Bxb5 27. cxb5 Nb6 28. a4 f6 29. exf6 Rxf6 30. g4 Kh7 31. Rde1 c4 32. bxc4 Nxa4 33. Rc2 Nc3 34. Kd2 h5 35. Rh1 g6 36. Rxc3 dxc3+ 37. Kxc3 Kg8 38. gxh5 Rf5 39. Kb3 gxh5 40. Nd3 Rd7 41. Kc3 Rg5 42. b6 Rxg2 43. Rb1 Rgg7 44. c5 h4 45. c6 Rd8 46. b7 Rb8 47. Kc4 h3 48. Nc5 a4 49. Rh1 Rh7 50. Kb5 a3 51. Kb6 Rh4 52. c7 Rb4+ 53. Kc6 R4xb7 54. Nxb7 Ra8 55. Rxh3 1-0

[Event "NED-ch 2018"]
[Site "Amsterdam"]
[Date "2018.07.07"]
[Round "5"]
[White "Van den Doel, Erik"]
[Black "Tiviakov, Sergei"]
[Result "1/2-1/2"]
[ECO "E61"]
[WhiteElo "2593"]
[BlackElo "2583"]
[Annotator "ChessBase"]
[PlyCount "79"]
[EventDate "2018.07.02"]
[EventType "tourn"]
[EventCountry "NED"]
[SourceTitle "playchess.com"]
[Source "ChessBase"]
[SourceQuality "1"]
[TimeControl "40/5400+30:1800+30"]

1. d4 Nf6 2. Bf4 b6 3. e3 Bb7 4. Nf3 g6 5. h3 Bg7 6. Be2 d6 7. O-O O-O 8. c4 Nbd7 9. Nc3 Ne4 10. Nxe4 Bxe4 11. Nd2 Bb7 12. Bf3 Bxf3 13. Nxf3 c5 14. Qd3 Qc7 15. Rac1 a6 16. a4 Qb7 17. Rfd1 b5 18. cxb5 cxd4 19. exd4 axb5 20. axb5 Ra5 21. Re1 Bf6 22. Bg5 Re8 23. h4 Rxb5 24. Rc7 Qxc7 25. Qxb5 Rb8 26. Qe2 e6 27. Qd2 Qb6 28. Rc1 Bg7 29. d5 exd5 30. Qxd5 Ne5 31. b3 Ng4 32. Qd2 h5 33. Bf4 Re8 34. Bxd6 Qxb3 35. Bf4 Ra8 36. Qc2 Qb4 37. Bg3 Bf6 38. Rb1 Qa4 39. Qxa4 Rxa4 40. Bc7 1/2-1/2

[Event "NED-ch 2018"]
[Site "Amsterdam"]
[Date "2018.07.07"]
[Round "6"]
[White "Van Foreest, Jorden"]
[Black "L'Ami, Erwin"]
[Result "1-0"]
[ECO "C49"]
[WhiteElo "2641"]
[BlackElo "2636"]
[Annotator "ChessBase"]
[PlyCount "61"]
[EventDate "2018.07.02"]
[EventType "tourn"]
[EventCountry "NED"]
[SourceTitle "playchess.com"]
[Source "ChessBase"]
[SourceQuality "1"]
[TimeControl "40/5400+30:1800+30"]

1. e4 e5 2. Nf3 Nf6 3. Nc3 Nc6 4. Bb5 Bb4 5. O-O O-O 6. d3 d6 7. Ne2 Ne7 8. c3 Bc5 9. d4 Bb6 10. Ng3 Ng6 11. Be3 c6 12. Bd3 Re8 13. Re1 h6 14. h3 Nh7 15. a4 Ng5 16. Bc4 Qf6 17. Nh5 Qe7 18. a5 Bc7 19. dxe5 dxe5 20. b4 Nxf3+ 21. Qxf3 Be6 22. Bxe6 Qxe6 23. Ng3 Ne7 24. Nf5 a6 25. Bc5 Nxf5 26. exf5 Qf6 27. Qe4 Rad8 28. g3 Kh7 29. Re3 Rd2 30. Rf3 Red8 31. Be7 1-0

[Event "NED-ch 2018"]
[Site "Amsterdam"]
[Date "2018.07.07"]
[Round "6"]
[White "Tiviakov, Sergei"]
[Black "Van Wely, Loek"]
[Result "1-0"]
[ECO "B22"]
[WhiteElo "2580"]
[BlackElo "2674"]
[Annotator "ChessBase"]
[PlyCount "75"]
[EventDate "2018.07.02"]
[EventType "tourn"]
[EventCountry "NED"]
[SourceTitle "playchess.com"]
[Source "ChessBase"]
[SourceQuality "1"]
[TimeControl "40/5400+30:1800+30"]

1. e4 c5 2. c3 Nf6 3. e5 Nd5 4. Nf3 e6 5. Bc4 d6 6. d4 cxd4 7. cxd4 Nb6 8. Bd3 dxe5 9. dxe5 Na6 10. O-O Nc5 11. Be2 Qxd1 12. Rxd1 Nd5 13. Bc4 Nb6 14. Bb5+ Bd7 15. Nc3 a6 16. Be2 Nba4 17. Nxa4 Bxa4 18. b3 Bc6 19. Bb2 Be7 20. Nd4 Be4 21. f3 Bg6 22. a4 Rd8 23. b4 Nd7 24. b5 a5 25. Bc3 Bb4 26. Bxb4 axb4 27. a5 b3 28. Nxb3 Bc2 29. Rxd7 Rxd7 30. Nc5 Rd5 31. Nxb7 Rxe5 32. Kf2 Bb3 33. Rc1 Ke7 34. a6 Ra8 35. Rc7+ Kf6 36. Nd6 Rd5 37. Ne4+ Kg6 38. b6 1-0

[Event "NED-ch 2018"]
[Site "Amsterdam"]
[Date "2018.07.07"]
[Round "6"]
[White "Sokolov, Ivan"]
[Black "Leenhouts, Koen"]
[Result "1-0"]
[ECO "D63"]
[WhiteElo "2565"]
[BlackElo "2483"]
[Annotator "ChessBase"]
[PlyCount "109"]
[EventDate "2018.07.02"]
[EventType "tourn"]
[EventCountry "NED"]
[SourceTitle "playchess.com"]
[Source "ChessBase"]
[SourceQuality "1"]
[TimeControl "40/5400+30:1800+30"]

1. d4 d5 2. c4 e6 3. Nc3 Nf6 4. Bg5 Be7 5. e3 Nbd7 6. Nf3 h6 7. Bh4 O-O 8. Rc1 c5 9. dxc5 dxc4 10. Bxc4 Nxc5 11. Qc2 a6 12. O-O b5 13. Rfd1 Qe8 14. Be2 Bb7 15. b4 Nce4 16. Nxe4 Bxe4 17. Qb2 Rc8 18. Rxc8 Qxc8 19. Ne5 Rd8 20. Rc1 Qa8 21. f3 Bb7 22. e4 Qb8 23. Nd3 a5 24. a3 axb4 25. axb4 Bc8 26. Bg3 Qa7+ 27. Bf2 Qb8 28. Bc5 Bd6 29. Bxd6 Qxd6 30. Qe5 Qb6+ 31. Qc5 Qa6 32. Ne5 Bd7 33. Nxd7 Nxd7 34. Qc7 Qb6+ 35. Qxb6 Nxb6 36. Bxb5 Rb8 37. Kf2 Nc8 38. Ba6 Nd6 39. Rc6 Nb5 40. Ke3 Kf8 41. Rc5 Nd6 42. b5 Ke7 43. Kd4 Ne8 44. Kc3 Kd6 45. Kb4 Nc7 46. Rc6+ Kd7 47. Kc5 e5 48. Rd6+ Ke7 49. Kc6 Ne6 50. Rd7+ Ke8 51. Rd5 Rd8 52. Rxd8+ Kxd8 53. b6 Nf8 54. b7 Nd7 55. Kd6 1-0

[Event "NED-ch 2018"]
[Site "Amsterdam"]
[Date "2018.07.07"]
[Round "6"]
[White "Ernst, Sipke"]
[Black "Van den Doel, Erik"]
[Result "1-0"]
[ECO "A14"]
[WhiteElo "2555"]
[BlackElo "2593"]
[Annotator "ChessBase"]
[PlyCount "148"]
[EventDate "2018.07.02"]
[EventType "tourn"]
[EventCountry "NED"]
[SourceTitle "playchess.com"]
[Source "ChessBase"]
[SourceQuality "1"]
[TimeControl "40/5400+30:1800+30"]

1. Nf3 d5 2. c4 e6 3. g3 Nf6 4. Bg2 Be7 5. b3 O-O 6. O-O c5 7. e3 Nc6 8. Bb2 Qb6 9. Na3 Rd8 10. Qe2 Bd7 11. d3 Qa5 12. Nd2 Nb4 13. Nf3 Nc6 14. Rfd1 Rac8 15. h3 Be8 16. cxd5 exd5 17. Nc2 Bd7 18. a3 Qa6 19. Rab1 b6 20. Ba1 h6 21. g4 Be6 22. Bf1 Re8 23. d4 Qb7 24. Bg2 cxd4 25. Ncxd4 Nxd4 26. Nxd4 Bd7 27. Qd3 Ne4 28. Ne2 Bc6 29. b4 Bh4 30. Rf1 Ba4 31. Nd4 a6 32. b5 axb5 33. Nf5 Bc2 34. Qxb5 Bxf2+ 35. Rxf2 Nxf2 36. Qb2 f6 37. Kxf2 Bxb1 38. Qxb1 Qc6 39. Bd4 Qc2+ 40. Qxc2 Rxc2+ 41. Kg3 Rxg2+ 42. Kxg2 Ra8 43. Ne7+ Kf7 44. Nxd5 Rxa3 45. Bxb6 Rb3 46. Bd4 Rb5 47. Nf4 Ra5 48. Nh5 Rb5 49. Kf3 Ra5 50. Ng3 Ra2 51. Ne4 Kg6 52. h4 Rc2 53. Kf4 Rc1 54. Ng3 Rd1 55. Kf3 Rb1 56. Ne2 Rf1+ 57. Kg2 Rb1 58. Nf4+ Kf7 59. h5 Rb5 60. Kf3 Ra5 61. Ng6 Rb5 62. Nh4 Ra5 63. Nf5 Ra3 64. Kf4 Ra2 65. e4 Re2 66. Kf3 Re1 67. Kf2 Rh1 68. e5 fxe5 69. Bxe5 g6 70. Nd6+ Ke6 71. hxg6 Rb1 72. Nf7 Rb6 73. Bd4 Ra6 74. Nxh6 Kd5 1-0